 Dungeon Sprint DCSS version 0.30-a0-722-g3e6e8c874d (webtiles) character file.

Game seed: 15960610464230906568

1450 BigDaddyOpFi the Fighter (level 8, -1/72 HPs)
             Began as a Demonspawn Fighter on Jan 27, 2023.
             Was the Champion of Cheibriados.
             Slain by a boulder beetle (14 damage)
             ... in the Dungeon (Sprint VII: "The Pits").
             The game lasted 00:01:49 (1135 turns).

BigDaddyOpFi the Fighter (Demonspawn Fighter)       Turns: 1135, Time: 00:01:50

Health: -1/72      AC: 14    Str: 34    XL:     8   Next: 47%
Magic:  8/8        EV:  9    Int: 25    God:    Cheibriados [******]
Gold:   0          SH:  8    Dex: 29    Spells: 7/7 levels left

rFire   . . .      SeeInvis .    a - +0 war axe
rCold   . . .      Faith    .    c - +0 buckler
rNeg    . . .      Spirit   .    l - +3 chain mail
rPois   .          Reflect  .    (no helmet)
rElec   .          Harm     .    (no cloak)
rCorr   .          Rampage  .    (no gloves)
Will    .....      NoTele   +    (no boots) Stlth
                                 (no amulet)
HPRegen 0.32/turn                (no ring)
MPRegen 0.11/turn                (no ring)

@: very slow
A: hooves 1, thin skeletal structure 1, ignite blood 1
a: Renounce Religion, Bend Time, Temporal Distortion, Slouch, Step From Time


You were in the Dungeon.
You worshipped Cheibriados.
Cheibriados was exalted by your worship.
You visited 1 branch

Inventory:

Hand Weapons
 a - a +0 war axe (weapon)
Armour
 c - a +0 buckler (worn)
 l - a +3 chain mail (worn)
Scrolls
 j - a scroll of blinking
Potions
 d - a potion of might
 e - 5 potions of heal wounds
 f - 2 potions of curing
 g - a potion of haste
 h - 4 potions of magic
 i - a potion of berserk rage
 k - 2 potions of invisibility


   Skills:
 + Level 10.1 Fighting
 + Level 9.0 Axes
 + Level 9.2 Armour
 + Level 9.2 Shields


You had 7 spell levels left.
You didn't know any spells.
Your spell library was empty.

Dungeon Overview and Level Annotations

Branches:
Dungeon (1/1)

Altars:
Ashenzari
Cheibriados
Dithmenos
Fedhas
Gozag
Hepliaklqana
Kikubaaqudgha
Makhleb
Nemelex Xobeh
Okawaru
Qazlal
Ru
Sif Muna
Trog
Uskayaw
Vehumet
Wu Jian
Xom
Yredelemnul
Jiyva
Lugonu


Innate Abilities, Weirdness & Mutations

You have large cloven feet.
You have a somewhat thin skeletal structure. (Dex +2, Stealth+)
Your demonic aura sometimes causes spilled blood to erupt in flames.


Message History

You hit the boulder beetle but do no damage.
You kick the boulder beetle.
The boulder beetle is almost dead.
The fire bat closely misses you. The boulder beetle bites you!
* * * LOW HITPOINT WARNING * * *
You hit the boulder beetle but do no damage.
The boulder beetle is almost dead.
You hit the fire bat.
You kill the fire bat!
Cheibriados thoroughly appreciates the change of pace.
The boulder beetle bites you but does no damage.
Your Fighting skill increases to level 10!
Your Axes skill increases to level 9!
You hit the boulder beetle but do no damage.
You kick the boulder beetle.
The boulder beetle is almost dead.
The boulder beetle leaps!
The boulder beetle leaps!
There is an open door, spattered with blood here.
Things that are here:
a +0 long sword; an elf corpse You slash the boulder beetle!
The boulder beetle is almost dead.
The boulder beetle bites you.
* * * LOW HITPOINT WARNING * * *
You barely miss the boulder beetle.
You kick the boulder beetle, but do no damage.
The boulder beetle is almost dead.
The boulder beetle bites you!
* * * LOW HITPOINT WARNING * * *
You feel better. You block the boulder beetle's attack.
You hit the boulder beetle but do no damage.
You kick the boulder beetle.
The boulder beetle is almost dead.
The boulder beetle bites you!
* * * LOW HITPOINT WARNING * * *
You feel better. The boulder beetle bites you!
* * * LOW HITPOINT WARNING * * *
You feel better. The boulder beetle bites you!
You die...

#.#...)))..##.......#
#.#...)))[.##.......#
#)###########.......#
#.).....#..##########
#..#.#..#.# ####
#.##.##.#†#....#
#.).....#'#....#
#.##.##.#.'....+
#..#.#..#@#....#
#.......B.# ...#
########### ###


You could see a boulder beetle.

Vanquished Creatures
  A deep elf zephyrmancer (D)
  A tarantella (D)
  A flying skull (D)
  A fire bat (D)
  A water moccasin (D)
  A phantom (D)
  A scorpion (D)
  4 wights (D)
  A crimson imp (D)
  A quasit (D)
  A jelly (D)
  An adder (D)
  An ufetubus (D)
  A ball python (D)
  A bat zombie (D)
  2 giant cockroaches (D)
  2 hobgoblins (D)
  3 jackals (D)
  A ball python skeleton (D)
  2 frilled lizards (D)
  A goblin (D)
29 creatures vanquished.

Notes
Turn   | Place    | Note
-------+----------+-------------------------------------------
     0 | D        | BigDaddyOpFi the Demonspawn Fighter began the quest for the
                  | Orb.
     0 | D        | Reached XP level 1. HP: 18/18 MP: 1/1
    18 | D        | Found a bloodstained altar of Trog.
    18 | D        | Found a shimmering blue altar of Sif Muna.
    18 | D        | Found a viscous altar of Jiyva.
    18 | D        | Found a hazy altar of Hepliaklqana.
    18 | D        | Found an opulent altar of Gozag.
    19 | D        | Found a basalt altar of Yredelemnul.
    19 | D        | Found a shimmering altar of Xom.
    19 | D        | Found an ornate altar of the Wu Jian Council.
    19 | D        | Found a sacrificial altar of Ru.
    19 | D        | Found a stormy altar of Qazlal.
    19 | D        | Found an iron altar of Okawaru.
    19 | D        | Found a sparkling altar of Nemelex Xobeh.
    19 | D        | Found a burning altar of Makhleb.
    19 | D        | Found a blossoming altar of Fedhas.
    19 | D        | Found a shadowy altar of Dithmenos.
    19 | D        | Found a snail-covered altar of Cheibriados.
    20 | D        | Found a radiant altar of Vehumet.
    20 | D        | Found a corrupted altar of Lugonu.
    21 | D        | Found a hide-covered altar of Uskayaw.
    21 | D        | Found an ancient bone altar of Kikubaaqudgha.
    21 | D        | Found a broken altar of Ashenzari.
    43 | D        | Became a worshipper of Cheibriados the Contemplative
   316 | D        | Noticed a scorpion
   325 | D        | Killed a scorpion
   325 | D        | Reached * piety under Cheibriados
   326 | D        | Reached skill level 4 in Fighting
   326 | D        | Gained mutation: You have large cloven feet. [demonic
                  | ancestry]
   326 | D        | Reached XP level 2. HP: 22/26 MP: 2/2
   326 | D        | Reached XP level 3. HP: 27/32 MP: 3/3
   327 | D        | Gained mutation: Your demonic aura sometimes causes spilled
                  | blood to erupt in flames. [demonic ancestry]
   327 | D        | Reached XP level 4. HP: 21/38 MP: 4/4
   327 | D        | Reached ** piety under Cheibriados
   495 | D        | Reached skill level 5 in Fighting
   498 | D        | Noticed a phantom
   507 | D        | Killed a phantom
   507 | D        | Reached *** piety under Cheibriados
   508 | D        | Reached skill level 5 in Armour
   508 | D        | Reached skill level 5 in Shields
   508 | D        | Reached XP level 5. HP: 39/46 MP: 5/5
   513 | D        | Reached **** piety under Cheibriados
   638 | D        | Reached skill level 6 in Fighting
   638 | D        | Reached skill level 5 in Axes
   647 | D        | Reached skill level 7 in Fighting
   647 | D        | Reached XP level 6. HP: 21/55 MP: 6/6
   868 | D        | Reached ***** piety under Cheibriados
   929 | D        | Noticed a flying skull
   938 | D        | Killed a flying skull
   938 | D        | Reached ****** piety under Cheibriados
   939 | D        | Reached skill level 8 in Fighting
   939 | D        | Reached XP level 7. HP: 48/63 MP: 7/7
  1086 | D        | Noticed a deep elf zephyrmancer
  1089 | D        | Killed a deep elf zephyrmancer
  1090 | D        | Reached skill level 9 in Fighting
  1095 | D        | Gained mutation: You have a somewhat thin skeletal
                  | structure. (Dex +2, Stealth+) [demonic ancestry]
  1095 | D        | Reached XP level 8. HP: 71/71 MP: 8/8
  1107 | D        | Noticed a boulder beetle
  1107 | D        | Noticed a tarantella
  1110 | D        | Killed a tarantella
  1128 | D        | Reached skill level 10 in Fighting
  1135 | D        | Slain by a boulder beetle

Illustrated notes

Levels and vault maps discovered:
D:        pitsprint [storerooms_1, entrance_room_1, metal_vault_5, armoury_1,
          mini_pit_1, grid_room_1, main_hall_1, silver_pit, the_coven_3,
          the_vestibule_1, steel_vault_5, golden_pit, hallway_of_sentries,
          crystal_vault_2, iron_vault_1, final_vault]

Skill      XL: |  1  2  3  4  5  6  7  8 |
---------------+-------------------------+-----
Axes           | 3 4 6 7 8 9 |  9.0
Armour         | 4 5 6 7 8 9 |  9.2
Shields        | 4 5 6 7 8 9 |  9.2
Fighting       | 4 5 7 8 9 10 | 10.1

Action                     |  1- 3 |  4- 6 |  7- 9 || total
---------------------------+-------+-------+-------++-------
  Melee: War axe           |    26 |    56 |    35 ||   117
         Kick              |     1 |     9 |    12 ||    22
    Use: Potion            |     4 |       |     3 ||     7
 Armour: Scale mail        |    20 |    21 |       ||    41
         Chain mail        |       |    10 |    23 ||    33
  Dodge: Dodged            |    39 |    29 |    23 ||    91
  Block: Buckler           |    11 |    21 |    18 ||    50

Table legend: (Time is in decaauts)
 A = Elapsed time spent in this place.
 B = Non-inter-level travel time spent in this place.
 C = Inter-level travel time spent in this place.
 D = Time resting spent in this place.
 E = Time spent auto-exploring this place.
 F = Levels seen in this place.
 G = Mean time per level.
                   A        B        C        D        E       F      G
               +--------+--------+--------+--------+--------+-----+--------+
         Total |   1272 |   1250 |     22 |    843 |      0 |   1 | 1272.0 |
       Dungeon |   1272 |   1250 |     22 |    843 |      0 |   1 | 1272.0 |
               +--------+--------+--------+--------+--------+-----+--------+

Top non-repeatable levels by time:
       D: 1272 daAuts
